 Dungeon Crawl Stone Soup version 0.26.0-45-g9c1d065592 (webtiles) character file.

Game seed: 13213673235890143032

(classic levelgen) 31 thiole the Magician (level 3, 23/23 HPs)
             Began as an Octopode Hedge Wizard on Jan 31, 2021.
             Quit the game on level 2 of the Dungeon on Feb 1, 2021.
             The game lasted 00:02:07 (1730 turns).

thiole the Magician (Octopode Hedge Wizard)         Turns: 1730, Time: 00:02:08

Health: 23/23      AC:  1    Str:  9    XL:     3   Next: 22%
Magic:  7/7        EV: 13    Int: 17    God:
Gold:   42         SH:  0    Dex: 11    Spells: 7/8 levels left

rFire    . . .     SeeInvis .   a - +0 dagger
rCold    . . .     Faith    .   (no shield)
rNeg     . . .     Spirit   .   b - +0 hat
rPois    .         Reflect  .   (no amulet)
rElec    .         Harm     .   (no ring)
rCorr    .         Rampage  .   (no ring)
Will     .....                  (no ring)
Stlth    +++.......             (no ring)
HPRegen  0.07/turn              (no ring)
MPRegen  0.10/turn              (no ring)
                                (no ring)
                                (no ring)

@: no status effects
A: almost no armour, stealthy swim, amphibious, 8 rings, constrict 8, camouflage
1, gelatinous body 1
a: no special abilities


You were on level 2 of the Dungeon.
You visited 1 branch of the dungeon, and saw 2 of its levels.

You collected 42 gold pieces.

Inventory:

Hand Weapons
 a - a +0 dagger (weapon)
Missiles
 f - 40 stones
 i - 9 poisoned darts
 j - 4 curare-tipped darts
Armour
 b - a +0 hat (worn)
Scrolls
 d - 2 scrolls of teleportation {unknown}
 e - a scroll of remove curse {unknown}
 g - a scroll of enchant armour {unknown}
Potions
 c - 3 potions of curing {unknown}
 h - a potion of attraction {unknown}


   Skills:
 + Level 1.2 Fighting
 - Level 2.0 Dodging
 - Level 2.6 Stealth
 - Level 3.0 Spellcasting
 - Level 2.0 Conjurations
 - Level 2.0 Summonings
 - Level 1.0 Translocations


You had 7 spell levels left.
You knew the following spells:

 Your Spells              Type           Power        Failure   Level
a - Magic Dart            Conj           36%          8%          1

Your spell library contained the following spells:

 Spells                   Type           Power        Failure   Level
 Call Imp                 Summ           9%           12%         2
 Blink                    Tloc           N/A          17%         2
 Slow                     Hex            2%           26%         2
 Conjure Flame            Conj/Fire      5%           34%         3
 Mephitic Cloud           Conj/Pois/Air  4%           38%         3


Dungeon Overview and Level Annotations

Branches:
Dungeon (2/15)

Altars:


Innate Abilities, Weirdness & Mutations

You cannot wear most types of armour.
You are very stealthy in the water. (Stealth+)
You are amphibious.
You can wear up to eight rings at the same time.
You can use your tentacles to constrict eight enemies at once.
Your skin changes colour to match your surroundings (Stealth+).
Your rubbery body absorbs attacks. (AC +1, EV +1)


Message History

You see here a +0 club.
There is an open door here.
You see here 9 poisoned darts.
i - 9 poisoned darts Search for what [Enter for "@", or ? for help]? @
There is an open door here.
You see here 4 curare-tipped darts.
j - 4 curare-tipped darts
(D) Dungeon
Where to? (Enter - D:1 @ (x,y), ? - help)
There is a stone staircase leading down here.
You climb downwards.
Found a gold piece.
There is a stone staircase leading up here.
Aiming: Magic Dart (safe; 8% risk of failure)
Press: ? - help, Q - select action, (/) - cycle Shift-Dir - straight line, f - you You can't see any hostile targets that would be affected.
You can't see any item there.
Okay, then.
Are you sure you want to abandon this character and quit the game? (Confirm with "yes".)

#..#
#..
#..
#..
##.##
...
#.#
#@#
#.#
$.#
...#
#####


There were no monsters in sight!

Vanquished Creatures
  A dart slug (D:1)
  3 giant cockroaches (D:1)
  2 goblins (D:1)
  3 hobgoblins (D:1)
  2 jackals (D:1)
  6 bats (D:1)
  A frilled lizard (D:1)
  5 kobolds (D:1)
  3 rats (D:1)
26 creatures vanquished.

Notes
Turn   | Place    | Note
-------+----------+-------------------------------------------
     0 | D:1      | thiole the Octopode Hedge Wizard began the quest for the
                  | Orb.
     0 | D:1      | Reached XP level 1. HP: 11/11 MP: 4/4
   270 | D:1      | Reached XP level 2. HP: 17/17 MP: 4/6
  1000 | D:1      | Reached XP level 3. HP: 22/22 MP: 5/7
  1279 | D:1      | Reached skill level 1 in Fighting
  1730 | D:2      | Quit the game

Illustrated notes

Levels and vault maps discovered:
D:1:      lemuel_arrival_broad_hall, layout_basic, st_stairs_13, minmay_unequal
D:2:      layout_loops_ring, kiku_gazebo_pond_becter, minmay_tree_intersection,
          minmay_misc_feat_chi

Skill      XL: |  1  2  3 |
---------------+----------+-----
Conjurations   | 2 |  2.0
Summonings     | 2 |  2.0
Fighting       | 1 |  1.2
Dodging        | |  2.0
Stealth        | |  2.6
Spellcasting   | |  3.0
Translocations | |  1.0

Action                   || total
-------------------------++-------
Melee: Dagger            ||    24
       Constrict         ||     6
       Tentacles         ||     4
 Cast: Magic Dart        ||    57
Armor: Skin              ||     3
Dodge: Dodged            ||    23
